 Dungeon Crawl Stone Soup version 0.13-a0-2606-g170388b (webtiles) character file.

6929 Kae the Bludgeoner (level 10, -21/83 HPs)
             Began as a Minotaur Berserker on Aug 4, 2013.
             Was a High Priest of Trog.
             Demolished by Maurice
             ... wielding a +1,+2 short sword of electrocution
              (24 damage)
             ... on Level 10 of the Dungeon.
             The game lasted 00:11:53 (9024 turns).

Kae the Bludgeoner (Minotaur Berserker)             Turns: 9024, Time: 00:11:54

HP -21/83        AC 12     Str 23      XL: 10   Next: 67%
MP   3/3         EV  8     Int  6      God: Trog [*****.]
Gold 482         SH  0     Dex 10      Spells:  0 memorised,  9 levels left

Res.Fire  : . . .   See Invis. : .   w - +0,+4 whip (venom)
Res.Cold  : . . .   Warding    : .   i - -1 chain mail (curse)
Life Prot.: + . .   Conserve   : .   (no shield)
Res.Poison: .       Res.Corr.  : .   (helmet restricted)
Res.Elec. : .       Clarity    : .   (no cloak)
Sust.Abil.: . .     Spirit.Shd : .   (no gloves)
Res.Mut.  : .       Stasis     : .   t - +0 pair of dwarf boots
Res.Rott. : .       Flight     : .   (no amulet)
Saprovore : . . .                    (no ring)
                                     J - cursed ring of positive energy

@: exhausted, mildly poisoned, slowed, very slow, quite resistant to hostile
enchantments, extremely unstealthy
A: retaliatory headbutt, horns 2, fast metabolism 2, magic resistance 1, AC +1
a: Burn Spellbooks, Berserk, Trog's Hand, Brothers in Arms, Renounce Religion


You were on level 10 of the Dungeon.
You worshipped Trog.
Trog was exalted by your worship.
You were very hungry.

You visited 1 branch of the dungeon, and saw 10 of its levels.

You collected 462 gold pieces.

Inventory:

Hand weapons
 a - a +0,+0 mace
 w - a +0,+4 whip of venom (weapon)
Armour
 b - a +0 animal skin
 i - a cursed -1 chain mail (worn)
 t - a +0 pair of dwarven boots (worn)
 B - the cursed -4 ring mail "Joxaij Ghaf" {Int+2 Dam+5}
   (You found it on level 5 of the Dungeon)

   It affects your intelligence (+2).
   It affects your damage-dealing abilities (+5).
   It has a curse placed upon it.
Magical devices
 n - a wand of lightning (8)
 y - a wand of confusion (13) {unknown}
 E - a wand of heal wounds (4) {unknown}
 G - a wand of magic darts (8)
Comestibles
 c - 9 bread rations
 g - a lychee
 k - 6 beef jerkies
 m - 4 meat rations
 s - 3 apples
 C - a rambutan
 D - a pear
 N - a chunk of orc flesh
Scrolls
 e - 7 scrolls of teleportation
 j - a scroll of blinking
 l - a scroll of fog
 o - 2 scrolls of identify
 u - a scroll of magic mapping
 v - a scroll of remove curse
 A - a scroll of silence
 F - a scroll of enchant weapon II
 H - a scroll of fear {unknown}
 I - a scroll of vulnerability {unknown}
 K - a scroll of curse weapon {unknown}
Jewellery
 p - an uncursed amulet of rage
 J - a cursed ring of positive energy (left hand)
Potions
 d - a potion of agility
 f - a potion of restore abilities
 h - 4 potions of curing
 q - a potion of invisibility
 r - 4 potions of speed
 x - a potion of magic
 z - a potion of porridge
 L - a potion of heal wounds


   Skills:
 + Level 7.0 Fighting
 - Level 15.3 Maces & Flails
 * Level 8.2 Armour
 + Level 5.5 Dodging


You had 9 spell levels left.
You didn't know any spells.

Dungeon Overview and Level Annotations

Branches:
Dungeon (10/27)            Temple (0/1) D:4
    Orc: D:6-11        Lair: D:8-13

Altars:
Cheibriados
Fedhas
Makhleb
Okawaru
Xom
Yredelemnul
Zin

Shops:
D:8: (

Annotations
D:10 Maurice


Innate Abilities, Weirdness & Mutations

You reflexively headbutt those who attack you in melee.
You have a pair of horns on your head.
You are partially covered in molten scales (AC +1).
You have a very fast metabolism.
You are resistant to hostile enchantments.


Message History

You feel sick.
The phantom blinks!
The worker ant bites you but does no damage.
You feel sick.
The phantom blinks!
The worker ant bites you.
Things that are here:
a whip; a blowgun; 16 poisoned needles The phantom blinks!
There is a stone staircase leading up here.
Things that are here:
a poisoned needle; 2 darts The worker ant bites you.
* * * LOW HITPOINT WARNING * * *
It hits you but does no damage.
You are electrocuted!
* * * LOW HITPOINT WARNING * * *
The phantom blinks!
The worker ant bites you but does no damage.
It hits you.
* * * LOW HITPOINT WARNING * * *
It steals your runed great mace {god gift}!
You are electrocuted!
You die...

. ... # . #.. .# ...
#..###. ....###..#..
.........#.# ##
.........# ..#
.###.#...#§p###...###
..........).a@).....#
.....##...(.())...#.#
. #.........#.#
........(..## #
..##........# .
#...>....§.
#..........
#.#.....### .#.#.#.#


You could see a phantom and a worker ant.

Vanquished Creatures
  Erolcha (D:9)
  The ghost of horsemans the Basher, an experienced MiFi of Okawaru (D:7)
  The ghost of Kae the Basher, an experienced MiBe of Trog (D:4)
  Grinder (D:3)
  A two-headed ogre (D:7)
  A wyvern (D:9)
  Eustachio (D:7)
  A hill giant skeleton (D:8)
  A hungry ghost (D:9)
  2 hippogriffs
  Edmund (D:7)
  Menkaure (D:6)
  2 manticores (D:8)
  2 orc warriors (D:9)
  2 sky beasts
  A necrophage (D:8)
  3 phantoms
  An ice beast (D:10)
  2 ogres
  4 centaurs
  A crocodile (D:8)
  2 big kobolds
  A gnoll sergeant (D:9)
  2 giant frogs
  A killer bee (D:9)
  A hippogriff skeleton (D:9)
  4 wights (D:9)
  5 crimson imps
  3 goliath beetles
  8 orc priests
  A basilisk zombie (D:9)
  An iguana (D:5)
  2 hounds
  A scorpion (D:6)
  8 orc wizards
  4 worker ants
  2 ogre skeletons
  3 jellies
  A mummy (D:9)
  14 adders
  A giant centipede (D:9)
  8 gnolls
  4 worms
  2 adder skeletons
  3 giant eyeballs
  6 giant geckos
  36 orcs
  16 bats
  A bat skeleton (D:5)
  2 bat zombies (D:5)
  7 hobgoblins
  2 jackals (D:2)
  28 kobolds
  3 quokkas
  A ball python (D:3)
  5 giant cockroaches
  2 giant newts
  12 goblins
  A goblin skeleton (D:5)
  3 hobgoblin skeletons
  An orc skeleton (D:6)
  12 rats
  A spectral orc (D:4)
252 creatures vanquished.

Notes
Turn   | Place    | Note
--------------------------------------------------------------
     0 | D:1      | Kae, the Minotaur Berserker, began the quest for the Orb.
     0 | D:1      | Reached XP level 1. HP: 19/19 MP: 0/0
   346 | D:1      | Reached skill level 4 in Maces & Flails
   378 | D:1      | Reached XP level 2. HP: 26/26 MP: 0/0
   387 | D:1      | Acquired Trog's second power
   649 | D:2      | Reached skill level 5 in Maces & Flails
   649 | D:2      | Reached XP level 3. HP: 5/33 MP: 1/1
   790 | D:2      | Found a blossoming altar of Fedhas.
  1166 | D:2      | Reached XP level 4. HP: 23/39 MP: 1/1
  1482 | D:3      | Noticed Grinder
  1496 | D:2      | Reached skill level 6 in Maces & Flails
  1634 | D:3      | Killed Grinder
  1634 | D:3      | Reached skill level 8 in Maces & Flails
  1634 | D:3      | Reached XP level 5. HP: 46/46 MP: 1/1
  1634 | D:3      | Reached XP level 6. HP: 52/52 MP: 2/2
  2128 | D:3      | Noticed a centaur
  2144 | D:3      | Killed a centaur
  2144 | D:3      | Reached skill level 9 in Maces & Flails
  2698 | D:3      | Found a burning altar of Makhleb.
  2699 | D:3      | Found a shimmering altar of Xom.
  2955 | D:4      | Gained mutation: You are partially covered in molten scales (AC +1). [potion of beneficial mutation]
  2988 | D:4      | Reached XP level 7. HP: 28/59 MP: 2/2
  3129 | D:4      | Noticed Kae's ghost (experienced MiBe)
  3138 | D:4      | Killed Kae's ghost
  3138 | D:4      | Reached skill level 10 in Maces & Flails
  3183 | D:4      | Reached skill level 11 in Maces & Flails
  3257 | D:4      | Found a staircase to the Ecumenical Temple.
  3670 | D:4      | Found a basalt altar of Yredelemnul.
  3813 | D:4      | Reached XP level 8. HP: 42/66 MP: 2/2
  3886 | D:5      | Entered Level 5 of the Dungeon
  3958 | D:5      | Got a transparent ring mail
  3970 | D:5      | Identified the cursed -4 ring mail "Joxaij Ghaf" {Int+2 Dam+5} (You found it on level 5 of the Dungeon)
  4031 | D:5      | Reached skill level 12 in Maces & Flails
  4187 | D:5      | Gained mutation: You have a fast metabolism. [mutagenic meat]
  4188 | D:5      | Gained mutation: You have a very fast metabolism. [mutagenic meat]
  4189 | D:5      | Gained mutation: You are resistant to hostile enchantments. [mutagenic meat]
  4230 | D:5      | Found an iron altar of Okawaru.
  5342 | D:6      | Reached skill level 13 in Maces & Flails
  5528 | D:6      | Noticed Menkaure
  5534 | D:6      | Killed Menkaure
  5691 | D:7      | Noticed Eustachio
  5716 | D:7      | Killed Eustachio
  5730 | D:7      | Acquired Trog's third power
  5730 | D:7      | Reached XP level 9. HP: 61/72 MP: 3/3
  5929 | D:7      | Reached skill level 14 in Maces & Flails
  6148 | D:7      | Noticed a two-headed ogre
  6153 | D:7      | Killed a two-headed ogre
  6185 | D:7      | Noticed horsemans' ghost (experienced MiFi)
  6214 | D:7      | Killed horsemans' ghost
  6214 | D:7      | Reached skill level 15 in Maces & Flails
  6293 | D:7      | Paralysed by a potion of paralysis for 2 turns
  6601 | D:7      | Noticed Edmund
  6626 | D:7      | Killed Edmund
  6988 | D:8      | Reached skill level 5 in Armour
  7267 | D:8      | Found Zatreqar's Antique Weapon Boutique.
  7364 | D:8      | Found an iron altar of Okawaru.
  7364 | D:8      | Found a snail-covered altar of Cheibriados.
  7424 | D:8      | Reached XP level 10. HP: 76/81 MP: 3/3
  7578 | D:8      | Reached skill level 5 in Fighting
  7641 | D:9      | Noticed Erolcha
  7654 | D:9      | Killed Erolcha
  8273 | D:9      | Reached skill level 5 in Dodging
  8365 | D:9      | Paralysed by a giant eyeball for 2 turns
  8794 | D:9      | Found a glowing silver altar of Zin.
  8794 | D:9      | Found a blossoming altar of Fedhas.
  8799 | D:9      | Received a gift from Trog
  8969 | D:10     | Entered Level 10 of the Dungeon
  9008 | D:10     | Noticed Maurice
  9024 | D:10     | HP: 3/83 [something (6)]
  9024 | D:10     | Demolished by Maurice

Action                   |  1- 3 |  4- 6 |  7- 9 | 10-12 || total
-------------------------+-------+-------+-------+-------++-------
Melee: Mace              |    63 |   110 |   100 |       ||   273
       Whip              |       |     9 |   380 |   295 ||   684
Invok: Trog's Hand       |     2 |     3 |     4 |     2 ||    11
       Berserk           |       |     1 |     7 |     2 ||    10
       Burn Spellbooks   |       |       |     1 |       ||     1
  Use: Potion            |     5 |     2 |     3 |       ||    10
       Scroll            |       |       |    19 |       ||    19
 Stab: Sleeping          |     1 |       |       |       ||     1
